 Dungeon Crawl Stone Soup version 0.16.2-12-gd0ad4c3 (webtiles) character file.

109 HenryFlower the Sneak (level 4, -1/23 HPs)
             Began as a Spriggan Berserker on Sept 19, 2015.
             Was a Priest of Trog.
             Slain by a worm (12 damage)
             ... on level 3 of the Dungeon.
             The game lasted 00:03:52 (2371 turns).

HenryFlower the Sneak (Spriggan Berserker)          Turns: 2371, Time: 00:03:52

Health: -1/23      AC:  3    Str: 13    XL:     4   Next: 60%
Magic:  8/8        EV: 18    Int:  8    God:    Trog [***...]
Gold:   178        SH:  0    Dex: 16    Spells: 0 memorised, 3 levels left

rFire  . . .     SeeInvis +     a - +3 dagger
rCold  . . .     Clarity  .     b - +0 animal skin
rNeg   . . .     SustAb   .     (shield restricted)
rPois  .         Gourm    .     (helmet restricted)
rElec  .         Spirit   .     e - +0 cloak
rCorr  .         Warding  .     (gloves unavailable)
rMut   .         Stasis   .     (boots unavailable)
MR     .....                    (no amulet)
Stlth  ++++......               (no ring)
                                (no ring)

@: very quick, not resistant to hostile enchantments, stealthy
A: unfitting armour, see invisible, herbivore 3, speed 3, slow metabolism 2
a: Burn Spellbooks, Berserk, Trog's Hand, Renounce Religion


You were on level 3 of the Dungeon.
You worshipped Trog.
Trog was most pleased with you.
You were not hungry.

You visited 1 branch of the dungeon, and saw 3 of its levels.

You collected 178 gold pieces.

Inventory:

Hand weapons
 a - a +3 dagger (weapon)
 f - a +0 short sword
 p - a +0 dagger
Armour
 b - a +0 animal skin (worn)
 e - a +0 cloak (worn)
Scrolls
 d - 3 scrolls of identify {unknown}
 g - a scroll of amnesia {unknown}
 i - a scroll of enchant weapon {unknown}
 j - a scroll of fear {unknown}
 k - a scroll of immolation {unknown}
 l - 3 scrolls of teleportation {unknown}
 o - a scroll of enchant armour {unknown}
Potions
 m - a potion of poison {unknown}
 n - a potion of flight {unknown}
 q - 2 potions of mutation {unknown}
Comestibles
 c - a bread ration
 h - 3 fruits


   Skills:
 - Level 2.4 Fighting
 + Level 4.2 Short Blades
 - Level 1.3 Armour
 - Level 3.0 Dodging
 * Level 5.6 Stealth


You had 3 spell levels left.
You didn't know any spells.

Dungeon Overview and Level Annotations

Branches:
Dungeon (3/15)

Altars:
Ru


Innate Abilities, Weirdness & Mutations

You are tiny and cannot use many weapons and most armour.
You have supernaturally acute eyesight.
You are a herbivore.
You cover ground extremely quickly.
You need consume almost no food.


Message History

The worm bites you but does no damage.
You hit the worm.
The worm is moderately wounded.
You hit the worm.
The worm is heavily wounded.
The worm bites you!
Ouch! That really hurt!
* * * LOW HITPOINT WARNING * * *
You hit the worm.
The worm is severely wounded.
You barely miss the worm.
The worm is severely wounded.
The worm misses you.
You hit the worm.
The worm is severely wounded.
You hit the worm but do no damage.
The worm is severely wounded.
The worm bites you!
Ouch! That really hurt!
You die...

#.# #.# #.# #.# #
#.###.# #.
#.....######
##.########...........
#.....................
#.....................
#.....................
#...w@.....#.....#####
#..........#.#.#.#....
#.....<....#.#.._.....
#..........#.#.#.#....
#..........#.#........
##.#########.#........
#. #.#........ #.
#.#........
#^#........


You could see a worm.

Vanquished Creatures
  3 gnolls (D:2)
  An adder (D:3)
  2 giant mites (D:1)
  A worm (D:2)
  A giant gecko (D:2)
  An orc (D:3)
  6 bats
  3 giant cockroaches
  7 goblins
  11 hobgoblins
  An ooze (D:2)
  2 giant newts (D:1)
  8 kobolds
  4 rats
51 creatures vanquished.

Notes
Turn   | Place    | Note
--------------------------------------------------------------
     0 | D:1      | HenryFlower, the Spriggan Berserker, began the quest for the Orb.
     0 | D:1      | Reached XP level 1. HP: 11/11 MP: 2/2
    81 | D:1      | Reached XP level 2. HP: 16/16 MP: 4/4
   612 | D:1      | Reached XP level 3. HP: 17/19 MP: 6/6
   705 | D:1      | Acquired Trog's second power
   975 | D:1      | Reached skill level 4 in Short Blades
  2025 | D:2      | Reached XP level 4. HP: 23/23 MP: 8/8
  2027 | D:2      | Reached skill level 5 in Stealth
  2342 | D:3      | Found a sacrificial altar of Ru.
  2371 | D:3      | Slain by a worm

Action                   |  1- 3 |  4- 6 || total
-------------------------+-------+-------++-------
Melee: Short sword       |   148 |       ||   148
       Dagger            |     2 |    36 ||    38
Invok: Berserk           |     1 |       ||     1
 Stab: Sleeping          |     8 |     1 ||     9
       Distracted        |     1 |       ||     1
